[Event "23rd ETCC Women 2021"]
[Site "Catez"]
[Date "2021.11.20"]
[Round "8.3"]
[White "Buksa, Nataliya"]
[Black "Shuvalova, Polina"]
[Result "1/2-1/2"]
[ECO "C90"]
[WhiteElo "2410"]
[BlackElo "2515"]
[Annotator "ChessBase"]
[PlyCount "79"]
[EventDate "2021.11.08"]
[EventType "team-tourn"]
[EventCountry "SLO"]
[SourceTitle "playchess.com"]
[Source "ChessBase"]
[SourceQuality "1"]
[WhiteTeam "Ukraine"]
[BlackTeam "Russia"]
[WhiteTeamCountry "UKR"]
[BlackTeamCountry "RUS"]
[TimeControl "40/5400+30:1800+30"]

1. e4 e5 2. Nf3 Nc6 3. Bb5 a6 4. Ba4 Nf6 5. O-O Be7 6. Re1 b5 7. Bb3 O-O 8. a4 b4 9. a5 d6 10. c3 Rb8 11. Bc4 Be6 12. Bxa6 Ra8 13.
Bb5 Nxa5 14. cxb4 Nb3 15. Rxa8 Qxa8 16. Nc3 Rb8 17. d4 Nxd4 18. Nxd4 exd4 19. Qxd4 Qb7 20. h3 h6 21. Bd2 c6 22. Bf1 Qxb4 23. Qxb4 Rxb4 24. Nd5 Nxd5 25. exd5 Rd4 26. Bxh6 Rxd5 27. Be3 Ra5 28. b4 Ra8 29. Rc1 Rb8 30. Rxc6 Rxb4 31. Bd3 g6 32. Kf1 Ra4 33. Rb6 Kg7 34. Ra6 Rb4 35. Rb6 Ra4 36. Ra6 Rb4 37. Bd2 Rb3 38. Ke2 d5 39. Bc2 Rb7 40. Bc3+ 1/2-1/2

[Event "23rd ETCC Women 2021"]
[Site "Catez"]
[Date "2021.11.20"]
[Round "8.4"]
[White "Kashlinskaya, Alina"]
[Black "Gaponenko, Inna"]
[Result "1-0"]
[ECO "D20"]
[WhiteElo "2482"]
[BlackElo "2339"]
[Annotator "ChessBase"]
[PlyCount "157"]
[EventDate "2021.11.08"]
[EventType "team-tourn"]
[EventCountry "SLO"]
[SourceTitle "playchess.com"]
[Source "ChessBase"]
[SourceQuality "1"]
[WhiteTeam "Russia"]
[BlackTeam "Ukraine"]
[WhiteTeamCountry "RUS"]
[BlackTeamCountry "UKR"]
[TimeControl "40/5400+30:1800+30"]

1. d4 d5 2. c4 dxc4 3. e4 c5 4. d5 Nf6 5. Nc3 e6 6. Bxc4 exd5 7. Nxd5 Be6 8. Bg5 Be7 9. Nxe7 Qxe7 10. Bxe6 Qxe6 11. Ne2 Nbd7 12. O-O O-O 13. Nc3 Nb6 14. Qe2 Rfe8 15. Rfe1 h6 16. Bh4 a6 17. Rad1 Rac8 18. f4 Rc6 19. f5 Qc8 20. Qf3 Nfd7 21. Qg3 Ne5 22. Nd5 Kh7 23. Ne7 Rxe7 24. Bxe7 f6 25. Rd8 Qc7 26. Re8 Nbc4 27. Rd1 Nd6 28. Bxd6 Rxd6 29. Rxd6 Qxd6 30. h3 Qd7 31. Re6 Qd4+ 32. Kh1 Qd1+ 33. Kh2 Qd7 34. b3 Qc7 35. Re8 b5 36. Kh1 c4 37. bxc4 bxc4 38. Qa3 Qd7 39. Ra8 Qd1+ 40. Kh2 Qd2 41. Rc8 h5 42. Qg3 Qh6 43. Qh4 a5 44. a4 g5 45. Qf2 Qg7 46. Qc5 Kh6 47. Rc7 Qh8 48.
Qe7 h4 49. Kg1 g4 50. hxg4 Nxg4 51. Rd7 Kg5 52. Qg7+ Qxg7 53.
Rxg7+ Kf4 54. Kf1 Ne5 55. Ke2 Kxe4 56. Rh7 Kxf5 57. Rxh4 Ke6 58. Rd4 c3 59. Kd1 Nd7 60. Kc2 Nc5 61. Kxc3 Ke5 62. Rc4 Kd5 63. Rh4 f5 64. Kd2 Ne6 65. Ke3 f4+ 66. Kf3 Kc5 67. Rxf4 Nxf4 68. Kxf4 Kb4 69. g4 Kxa4 70. g5 Kb3 71. g6 a4 72. g7 a3 73. g8=Q+ Kb2 74. Qg7+ Kb1 75.
Qb7+ Ka1 76. Qc6 Kb2 77. Qb5+ Ka1 78. Qc5 Kb2 79. Qb4+ 1-0

[Event "23rd ETCC Women 2021"]
[Site "Catez"]
[Date "2021.11.20"]
[Round "8.5"]
[White "Tsolakidou, Stavroula"]
[Black "Dzagnidze, Nana"]
[Result "0-1"]
[ECO "D35"]
[WhiteElo "2377"]
[BlackElo "2524"]
[Annotator "ChessBase"]
[PlyCount "104"]
[EventDate "2021.11.08"]
[EventType "team-tourn"]
[EventCountry "SLO"]
[SourceTitle "playchess.com"]
[Source "ChessBase"]
[SourceQuality "1"]
[WhiteTeam "Greece"]
[BlackTeam "Georgia"]
[WhiteTeamCountry "GRE"]
[BlackTeamCountry "GEO"]
[TimeControl "40/5400+30:1800+30"]

1. d4 Nf6 2. c4 e6 3. Nc3 d5 4. cxd5 exd5 5. Bg5 c6 6. e3 Bf5 7. Qf3 Bg6 8. Bxf6 gxf6 9. Qd1 Bd6 10. Nf3 Nd7 11. Bd3 Qe7 12. Qc2 Rg8 13. g3 Nb6 14. Nh4 Bc7 15. b3 O-O-O 16. Nf5 Qf8 17. Ne2 Kb8 18. Kf1 Re8 19. Rc1 Nc8 20. Nh4 Nd6 21. Nf4 Qe7 22. Kg2 Qd7 23. Rhe1 Re7 24. Qd1 Ne4 25. Rf1 Ng5 26. Kh1 Bxf4 27. exf4 Bxd3 28. Qxd3 Ne4 29. b4 Qh3 30. a4 Rge8 31. Nf3 Nd6 32. Ng1 Qf5 33. Qd1 h5 34. Nf3 Re2 35. Kg1 Rb2 36. b5 cxb5 37. axb5 Nxb5 38. Qa4 a6 39. Qd1 Ree2 40. Rc5 Qe4 41. Qc1 Rbc2 42. Rxc2 Rxc2 43. Qe3 Rc3 44. Qxe4 dxe4 45. Nd2 f5 46. d5 Nd6 47. Re1 a5 48.
Ra1 Rd3 49. Nf1 Nc4 50. Kg2 b5 51. Kh3 b4 52. Kh4 b3 0-1

[Event "23rd ETCC Women 2021"]
[Site "Catez"]
[Date "2021.11.20"]
[Round "8.7"]
[White "Pavlidou, Ekaterini"]
[Black "Arabidze, Meri"]
[Result "0-1"]
[ECO "B14"]
[WhiteElo "2172"]
[BlackElo "2441"]
[Annotator "NA"]
[PlyCount "112"]
[EventDate "2021.11.08"]
[EventType "team-tourn"]
[EventCountry "SLO"]
[SourceTitle "playchess.com"]
[Source "ChessBase"]
[SourceQuality "1"]
[WhiteTeam "Greece"]
[BlackTeam "Georgia"]
[WhiteTeamCountry "GRE"]
[BlackTeamCountry "GEO"]
[TimeControl "40/5400+30:1800+30"]

1. d4 Nf6 2. c4 e6 3. Nc3 Bb4 4. e3 c5 5. Bd2 cxd4 6. exd4 O-O 7. Nf3 d5 8. a3 Bxc3 9. Bxc3 Ne4 10. Rc1 Nc6 11. Bd3 Nxc3 12. Rxc3 dxc4 13. Bxc4 Ne7 14. O-O Nd5 15. Bxd5 Qxd5 16. Rc5 Qd6 17. Qc2 h6 18. Rc1 Bd7 19. Ne5 Rad8 20. Qe4 b6 21. Rc7 Rc8 22. Qb7 Rxc7 23. Qxc7 Qxc7 24. Rxc7 Rc8 25. Rc3 Rd8 26. h3 Be8 27. Rc7 a5 28. Nf3 a4 29. Kf1 Rd5 30. Ke1 Rb5 31. Rc2 f6 32. Kd2 Bg6 33. Rc8+ Kh7 34. Kc1 Be4 35. Re8 Bxf3 36. gxf3 Rh5 37. Rxe6 Rxh3 38. Re3 Rh5 39. Kc2 Rb5 40. Rd3 Rd5 41. Kc3 b5 42. Rd1 Kg6 43. Rg1+ Kf7 44. Kd3 h5 45. Ke4 Rg5 46. Rc1 h4 47. f4 Rh5 48. Kf3 h3 49. Kg3 h2 50. Rh1 Ke6 51. Rxh2 Rxh2 52. Kxh2 Kd5 53. Kg3 Kxd4 54. f3 Kc4 55. Kg4 Kb3 56. Kf5 Kxb2 0-1

[Event "23rd ETCC Women 2021"]
[Site "Catez"]
[Date "2021.11.20"]
[Round "8.8"]
[White "Melia, Salome"]
[Black "Christodoulaki, Antonia"]
[Result "1/2-1/2"]
[ECO "C11"]
[WhiteElo "2371"]
[BlackElo "2075"]
[Annotator "NA"]
[PlyCount "120"]
[EventDate "2021.11.08"]
[EventType "team-tourn"]
[EventCountry "SLO"]
[SourceTitle "playchess.com"]
[Source "ChessBase"]
[SourceQuality "1"]
[WhiteTeam "Georgia"]
[WhiteTeamCountry "GEO"]
[TimeControl "40/5400+30:1800+30"]

1. e4 e6 2. d4 d5 3. Nc3 Nf6 4. e5 Nfd7 5. f4 c5 6. Nf3 Nc6 7. Be3 Be7 8. dxc5 O-O 9. Qd2 Qa5 10. a3 Bxc5 11. Nd4 Nxd4 12. Bxd4 Bxd4 13. Qxd4 Qb6 14. O-O-O Qxd4 15. Rxd4 f6 16.
exf6 Nxf6 17. g3 Bd7 18. Bg2 Rac8 19. Re1 Rfe8 20. Bf3 Kf8 21. Re3 Bc6 22. h4 h5 23. Nd1 Re7 24. Nf2 Be8 25. c3 Bg6 26.
Nh3 Bf5 27. Ng5 Ke8 28. Bd1 Kd7 29. Nf3 Kd6 30. Ne5 g6 31.
Rb4 Rec7 32. Bc2 Ng4 33. Nxg4 hxg4 34. Bxf5 gxf5 35. Kd2 Rh8 36. Kd3 Re8 37. Re5 Rec8 38. Kd2 Rb8 39. Rd4 Rbc8 40. Re1 Rc6 41. Re3 Rc5 42. Rb4 R8c7 43. Re2 R5c6 44. Rh2 Rh7 45. Kd3 Rhc7 46. a4 Rc5 47. Rh1 R5c6 48. Rd4 Rc8 49. Kd2 R8c7 50. Re1 Rb6 51. Kc2 Rbc6 52. Re3 Rb6 53. b3 a5 54. Kb2 Rbc6 55. Rd2 Rb6 56. Rde2 Ke7 57. Rd2 Kf6 58. Rd4 Rbc6 59. Rd2 Rb6 60. Rd4 Rbc6 1/2-1/2

[Event "23rd ETCC Women 2021"]
[Site "Catez"]
[Date "2021.11.20"]
[Round "8.9"]
[White "Peng, Zhaoqin"]
[Black "Zawadzka, Jolanta"]
[Result "1/2-1/2"]
[ECO "E46"]
[WhiteElo "2351"]
[BlackElo "2429"]
[Annotator "NA"]
[PlyCount "120"]
[EventDate "2021.11.08"]
[EventType "team-tourn"]
[EventCountry "SLO"]
[SourceTitle "playchess.com"]
[Source "ChessBase"]
[SourceQuality "1"]
[WhiteTeam "Netherlands"]
[BlackTeam "Poland"]
[WhiteTeamCountry "NED"]
[BlackTeamCountry "POL"]
[TimeControl "40/5400+30:1800+30"]

1. d4 Nf6 2. c4 e6 3. Nc3 Bb4 4. e3 O-O 5. Nge2 Re8 6. a3 Bf8 7. b3 d5 8. Bb2 b6 9. g3 Nc6 10. Bg2 Na5 11. cxd5 exd5 12. O-O Bf5 13. Nf4 c6 14. Na4 Rc8 15. Re1 g6 16. Nd3 h5 17. Ne5 Ng4 18. Nf3 Bh6 19. Nc3 Nb7 20.
h3 Nf6 21. Ne5 Nd7 22. e4 dxe4 23. Nxe4 Bg7 24. f4 f6 25. Nc4 Nf8 26. d5 Bxe4 27. Rxe4 Rxe4 28. Bxe4 Nc5 29. Bg2 cxd5 30. Bxd5+ Kh8 31. Ne3 Qd7 32. b4 Re8 33. bxc5 Rxe3 34. Kf2 Re7 35. cxb6 axb6 36. Bg2 Qb5 37. Rb1 Rd7 38. Qc2 Qa5 39. Rd1 Rxd1 40. Qxd1 h4 41. gxh4 Ne6 42. Qd5 Nxf4 43. Qxa5 bxa5 44. Bf1 f5 45. Bxg7+ Kxg7 46. Ke3 Ne6 47. Kd3 Kf6 48. Kc4 Ke5 49. Kb5 Kd4 50. Kxa5 f4 51. Kb6 Nc5 52. Be2 Na4+ 53. Ka5 Ke3 54. h5 gxh5 55. Bxh5 Nb2 56. h4 Nc4+ 57. Kb4 Nxa3 58. Kxa3 f3 59. Bxf3 Kf4 60. Kb4 Kf5 1/2-1/2

[Event "23rd ETCC Women 2021"]
[Site "Catez"]
[Date "2021.11.20"]
[Round "8.10"]
[White "Cyfka, Karina"]
[Black "Roebers, Eline"]
[Result "1-0"]
[ECO "A89"]
[WhiteElo "2416"]
[BlackElo "2304"]
[Annotator "NA"]
[PlyCount "89"]
[EventDate "2021.11.08"]
[EventType "team-tourn"]
[EventCountry "SLO"]
[SourceTitle "playchess.com"]
[Source "ChessBase"]
[SourceQuality "1"]
[WhiteTeam "Poland"]
[BlackTeam "Netherlands"]
[WhiteTeamCountry "POL"]
[BlackTeamCountry "NED"]
[TimeControl "40/5400+30:1800+30"]

1. d4 f5 2. c4 Nf6 3. g3 g6 4. Bg2 Bg7 5. Nf3 O-O 6. Nc3 d6 7. O-O Nc6 8. d5 Na5 9. b3 c5 10. Bd2 a6 11. Rb1 Rb8 12. a4 Qe8 13. Re1 b6 14. Qc1 Ng4 15.
h3 Ne5 16. Ng5 h6 17. Ne6 Bxe6 18. dxe6 Kh7 19. Bd5 Nec6 20. Qd1 Qc8 21. e4 f4 22. gxf4 Nd4 23. f5 gxf5 24. exf5 Nxf5 25. Kh1 Nc6 26. Ne2 Be5 27. Rg1 Qe8 28. Nf4 Bxf4 29. Bxf4 Ncd4 30. Be3 Rf6 31. Bxd4 Nxd4 32. Qg4 Qf8 33. Rg2 Kh8 34. Rbg1 h5 35. Qxh5+ Qh6 36. Rg5 Ne2 37. Qg4 Nxg1 38. Rh5 Rg8 39. Qh4 Kg7 40. Rxh6 Rxh6 41. Qg5+ Rg6 42. Qxe7+ Kh6 43. Qh4+ Kg7 44. Be4 Rxe6 45.
Kxg1 1-0

[Event "23rd ETCC Women 2021"]
[Site "Catez"]
[Date "2021.11.20"]
[Round "8.11"]
[White "Ratsma, Rosa"]
[Black "Kiolbasa, Oliwia"]
[Result "1/2-1/2"]
[ECO "C84"]
[WhiteElo "2272"]
[BlackElo "2403"]
[Annotator "NA"]
[PlyCount "95"]
[EventDate "2021.11.08"]
[EventType "team-tourn"]
[EventCountry "SLO"]
[SourceTitle "playchess.com"]
[Source "ChessBase"]
[SourceQuality "1"]
[WhiteTeam "Netherlands"]
[BlackTeam "Poland"]
[WhiteTeamCountry "NED"]
[BlackTeamCountry "POL"]
[TimeControl "40/5400+30:1800+30"]

1. e4 e5 2. Nf3 Nc6 3. Bb5 a6 4. Ba4 Nf6 5. O-O Be7 6. d3 b5 7. Bb3 O-O 8. a4 b4 9. a5 Bc5 10. Ba4 Qe7 11. Bxc6 dxc6 12. Nbd2 Rd8 13. Qe2 Bg4 14. h3 Bh5 15. Nc4 Nd7 16. g4 Bg6 17. b3 f6 18. Ne3 Nf8 19. Nf5 Qf7 20. Kh2 Ne6 21. Rg1 Kh8 22. Be3 Rab8 23.
Nd2 Rb5 24. Nc4 Bf8 25. Qf3 Qe8 26. Qg3 Bf7 27. Qh4 Rd7 28.
Kh1 Qd8 29. g5 fxg5 30. Bxg5 Nxg5 31. Qxg5 Qxg5 32. Rxg5 Bxc4 33. bxc4 Rb8 34. Ne3 b3 35. cxb3 Rxd3 36. Rxe5 Bd6 37. Rf5 Kg8 38. e5 Bc5 39. Kg2 Bxe3 40. fxe3 Rxe3 41. Rd1 h6 42. Rd7 Rbxb3 43. Rff7 Rb2+ 44. Kf1 Rxh3 45. Rxg7+ Kf8 46. Rgf7+ Ke8 47. Rfe7+ Kf8 48. Rf7+ 1/2-1/2

[Event "23rd ETCC Women 2021"]
[Site "Catez"]
[Date "2021.11.20"]
[Round "8.13"]
[White "Lazarne Vajda, Szidonia"]
[Black "Mammadzada, Gunay"]
[Result "1/2-1/2"]
[ECO "D13"]
[WhiteElo "2345"]
[BlackElo "2459"]
[Annotator "ChessBase"]
[PlyCount "131"]
[EventDate "2021.11.08"]
[EventType "team-tourn"]
[EventCountry "SLO"]
[SourceTitle "playchess.com"]
[Source "ChessBase"]
[SourceQuality "1"]
[WhiteTeam "Hungary"]
[BlackTeam "Azerbaijan"]
[WhiteTeamCountry "HUN"]
[BlackTeamCountry "AZE"]
[TimeControl "40/5400+30:1800+30"]

1. d4 d5 2. Bf4 Nf6 3. e3 e6 4. Nf3 Bd6 5. Bxd6 Qxd6 6. c4 O-O 7. Nc3 c6 8. Bd3
Nbd7 9. O-O e5 10. dxe5 Nxe5 11. cxd5 cxd5 12. Be2 a6 13. Qd4 Nc6 14. Qd3 Be6 15. Rfd1 Rad8 16. Rac1 h6 17. h3 Qd7 18. Bf1 Qe7 19. a3 Bc8 20. Ne2 Rd6 21. Ng3 Rfd8 22.
Nd4 g6 23. Nxc6 bxc6 24. Qd4 h5 25. Be2 Nh7 26. h4 Nf8 27.
Qa4 Ne6 28. Nf1 d4 29. g3 dxe3 30. fxe3 Rxd1 31. Rxd1 Rxd1 32. Qxd1 Bb7 33. Bf3 c5 34. b3 Qc7 35. Kf2 Bxf3 36. Qxf3 Qa5 37. a4 Qc3 38. Qd5 Qc2+ 39. Kg1 Kg7 40. Qe5+ Kh7 41. Qd5 a5 42. Nh2 c4 43. bxc4 Qxa4 44. g4 Qa3 45. Kf2 Qc5 46. gxh5 gxh5 47. Qd1 Kh6 48. Qa1 Qf5+ 49. Nf3 f6 50. Ke2 Kg6 51. Qa4 Ng7 52. Nd4 Qc5 53. Qc2+ Kh6 54. Nb3 Qc7 55. c5 Qc6 56. Nxa5 Qb5+ 57. Nc4 Qxc5 58. Qe4 Qf5 59. Nd2 Qg4+ 60. Qxg4 hxg4 61. Ne4 f5 62. Ng3 Kg6 63. Kf2 Ne8 64. Ne2 Nf6 65. Ng3 Nd5 66. e4 1/2-1/2

[Event "23rd ETCC Women 2021"]
[Site "Catez"]
[Date "2021.11.20"]
[Round "8.14"]
[White "Mammadova, Gulnar"]
[Black "Gara, Ticia"]
[Result "1/2-1/2"]
[ECO "B15"]
[WhiteElo "2395"]
[BlackElo "2331"]
[Annotator "NA"]
[PlyCount "110"]
[EventDate "2021.11.08"]
[EventType "team-tourn"]
[EventCountry "SLO"]
[SourceTitle "playchess.com"]
[Source "ChessBase"]
[SourceQuality "1"]
[WhiteTeam "Azerbaijan"]
[BlackTeam "Hungary"]
[WhiteTeamCountry "AZE"]
[BlackTeamCountry "HUN"]
[TimeControl "40/5400+30:1800+30"]

1. e4 c6 2. d4 d5 3. Nc3 dxe4 4. Nxe4 Nf6 5. Nxf6+ exf6 6. c3 Bd6 7. Bd3 O-O 8. Qc2 Re8+ 9. Ne2 h5 10. Be3 Nd7 11. O-O-O Nf8 12. Kb1 Be6 13. c4 Rc8 14. h3 b5 15. c5 Bb8 16. Be4 Bd5 17. Bxd5 Qxd5 18. g4 h4 19. Nc3 Qf3 20. Qe2 Qxe2 21. Nxe2 Ne6 22. d5 Nxc5 23. Bxc5 Rxe2 24. d6 Rd8 25. Rd3 Re5 26. b4 Rd7 27. Rhd1 Kf8 28. f4 Re4 29. f5 Ke8 30. Kb2 Kd8 31. Kb3 Re2 32. Rg1 Re5 33.
Rgd1 Re2 34. a4 Kc8 35. Rg1 Re5 36. Rgd1 Re2 37. Rg1 Re5 38. Rgd1 Re2 39. Rg1 Kb7 40. a5 Re5 41. Rgd1 Rd5 42. Rxd5 cxd5 43. Rxd5 Kc6 44. Rd2 Bxd6 45. Bf2 a6 46. Bxh4 Re7 47. Bf2 Re4 48. Rc2+ Kd7 49. Bc5 Bxc5 50. Rxc5 Re3+ 51. Rc3 Re4 52. Rd3+ Kc7 53. Rc3+ Kd7 54. Rd3+ Kc7 55. Rc3+ Kd7 1/2-1/2

[Event "23rd ETCC Women 2021"]
[Site "Catez"]
[Date "2021.11.20"]
[Round "8.15"]
[White "Gaal, Zsoka"]
[Black "Balajayeva, Khanim"]
[Result "1-0"]
[ECO "E17"]
[WhiteElo "2336"]
[BlackElo "2369"]
[Annotator "NA"]
[PlyCount "125"]
[EventDate "2021.11.08"]
[EventType "team-tourn"]
[EventCountry "SLO"]
[SourceTitle "playchess.com"]
[Source "ChessBase"]
[SourceQuality "1"]
[WhiteTeam "Hungary"]
[BlackTeam "Azerbaijan"]
[WhiteTeamCountry "HUN"]
[BlackTeamCountry "AZE"]
[TimeControl "40/5400+30:1800+30"]

1. Nf3 Nf6 2. g3 b6 3. Bg2 Bb7 4. O-O e6 5. c4 Be7 6. Nc3 O-O 7. Re1 d5 8. cxd5 exd5 9. d4 Nbd7 10. Bf4 c5 11. dxc5 Nxc5 12. Nd4 Nfe4 13. Rc1 Bf6 14. Be3 Qd7 15. Nb1 Rac8 16. Nd2 Rfe8 17. N2f3 h6 18. Rc2 Nd6 19. Bc1 Nce4 20. e3 Rc5 21. Bf1 Rec8 22. Bd3 h5 23. Qe2 g5 24. Rd1 Re8 25. Qf1 h4 26. b3 hxg3 27. hxg3 Qc8 28. Ba3 Rxc2 29. Nxc2 Nf5 30. Ncd4 Nxd4 31. Nxd4 Bxd4 32. exd4 Qc3 33. Bb5 Re6 34. Qd3 Bc6 35. Ba6 Rf6 36. Qxc3 Nxc3 37. Rc1 Ne4 38. Rc2 Bd7 39. Bb7 Be6 40. Kg2 g4 41. Bc1 Rf3 42. Ba6 Bf5 43.
Re2 Nc3 44. Re3 Nxa2 45. Bd2 Rxe3 46. fxe3 Be4+ 47. Kf2 f5 48. b4 Kf7 49. Ke1 Ke6 50. Kd1 Kd6 51. Bb5 a6 52. Ba4 a5 53. bxa5 bxa5 54. Bxa5 Bb1 55. Bd2 Bd3 56. Bb3 Bc4 57. Kc2 Ke6 58. Kb2 Bd3 59. Bxa2 Be4 60. Bb1 Bf3 61. Ka3 Be2 62. Kb4 Kd6 63. Bxf5 1-0

[Event "23rd ETCC Women 2021"]
[Site "Catez"]
[Date "2021.11.20"]
[Round "8.16"]
[White "Beydullayeva, Govhar"]
[Black "Mihok-Juhasz, Barbara"]
[Result "1-0"]
[ECO "E90"]
[WhiteElo "2278"]
[BlackElo "2258"]
[Annotator "NA"]
[PlyCount "77"]
[EventDate "2021.11.08"]
[EventType "team-tourn"]
[EventCountry "SLO"]
[SourceTitle "playchess.com"]
[Source "ChessBase"]
[SourceQuality "1"]
[WhiteTeam "Azerbaijan"]
[BlackTeam "Hungary"]
[WhiteTeamCountry "AZE"]
[BlackTeamCountry "HUN"]
[TimeControl "40/5400+30:1800+30"]

1. d4 Nf6 2. c4 g6 3. Nc3 Bg7 4. e4 d6 5. h3 e5 6. d5 a5 7. Be3 Na6 8. Nf3 O-O 9. g4 Nd7 10. a3 Nb6 11. Nd2 Bd7 12. Be2 Nc5 13. b4 axb4 14. axb4 Nca4 15. Nxa4 Nxa4 16. Qc2 f5 17. f3 Bh6 18. Bf2 fxe4 19. Nxe4 c6 20.
O-O Qe7 21. b5 Nc5 22. Nxc5 dxc5 23. dxc6 bxc6 24. b6 Rxa1 25.
Rxa1 Rb8 26. Ra7 Qe8 27. Bxc5 Bg5 28. Qd3 Bc8 29. Qd6 Rb7 30. Rxb7 Bxb7 31. Qc7 Qf7 32. Qb8+ Kg7 33. Qxe5+ Bf6 34. Qe4 Qd7 35. f4 Qd2 36. g5 Bxg5 37. Bd4+ Bf6 38. Qe7+ Kg8 39. Qe6+ 1-0

[Event "23rd ETCC Women 2021"]
[Site "Catez"]
[Date "2021.11.20"]
[Round "8.17"]
[White "Sebag, Marie"]
[Black "Bulmaga, Irina"]
[Result "1-0"]
[ECO "C88"]
[WhiteElo "2447"]
[BlackElo "2405"]
[Annotator "ChessBase"]
[PlyCount "145"]
[EventDate "2021.11.08"]
[EventType "team-tourn"]
[EventCountry "SLO"]
[SourceTitle "playchess.com"]
[Source "ChessBase"]
[SourceQuality "1"]
[WhiteTeam "France"]
[BlackTeam "Romania"]
[WhiteTeamCountry "FRA"]
[BlackTeamCountry "ROU"]
[TimeControl "40/5400+30:1800+30"]

1. e4 e5 2. Nf3 Nc6 3. Bb5 a6 4. Ba4 Nf6 5. O-O b5 6. Bb3 Be7 7. Re1 O-O 8. a4 b4 9. d3 d6 10. a5 Bg4 11. c3 bxc3 12. bxc3 Rb8 13. Nbd2 Qc8 14. h3 Be6 15. Nc4 h6 16. Ba4 Nd8 17. Nfd2 Nh7 18.
d4 exd4 19. cxd4 Bf6 20. e5 dxe5 21. Ba3 exd4 22. Bxf8 Nxf8 23. Ne4 Be7 24. Qxd4 Rb4 25. Ned2 Nb7 26. Qc3 c5 27. Nb6 Qc7 28. Rac1 Qf4 29. Bb3 Bf6 30. Qc2 Bd4 31. Re2 Bxb3 32. Nxb3 Rxb3 33. Nd5 Qg5 34. Ne7+ Kh8 35. h4 Qg3 36. Nf5 Qc3 37. Qxc3 Rxc3 38. Rxc3 Bxc3 39. Re8 Nxa5 40. Rxf8+ Kh7 41. Ra8 Bf6 42. h5 Nb3 43. Rxa6 c4 44. Rc6 c3 45. Ne3 Nd4 46. Rc4 Nb5 47. Rc5 Nd6 48. Rc6 Ne4 49. Rc4 Nd6 50. Rc7 Bd4 51. Nc2 Be5 52. Re7 Bf6 53. Rd7 Be5 54. g3 Ne4 55. Rxf7 Bd6 56. Rf5 Nf6 57. Kf1 Kg8 58. Ke2 Kf7 59. Kd3 g6 60. hxg6+ Kxg6 61. Ra5 Bc7 62. Ra6 Bd8 63. Nd4 Bc7 64. Nb5 Bd8 65. Nd6 Be7 66. Ne4 Kf5 67. Nxf6 Bxf6 68. g4+ Kg6 69. f4 Kg7 70. Rc6 Kg6 71. Ke4 Kg7 72. Kf5 Bd4 73. Rc4 1-0

[Event "23rd ETCC Women 2021"]
[Site "Catez"]
[Date "2021.11.20"]
[Round "8.18"]
[White "Peptan, Corina-Isabela"]
[Black "Guichard, Pauline"]
[Result "1/2-1/2"]
[ECO "A13"]
[WhiteElo "2385"]
[BlackElo "2409"]
[Annotator "NA"]
[PlyCount "128"]
[EventDate "2021.11.08"]
[EventType "team-tourn"]
[EventCountry "SLO"]
[SourceTitle "playchess.com"]
[Source "ChessBase"]
[SourceQuality "1"]
[WhiteTeam "Romania"]
[BlackTeam "France"]
[WhiteTeamCountry "ROU"]
[BlackTeamCountry "FRA"]
[TimeControl "40/5400+30:1800+30"]

1. c4 Nf6 2. Nf3 e6 3. e3 d5 4. b3 Bd6 5. Bb2 b6 6. Nc3 Bb7 7. cxd5 exd5 8. Nb5 Be7 9. Be5 Na6 10. Rc1 c5 11. a3 O-O 12. Be2 Ne8 13.
d4 Nac7 14. Nxc7 Nxc7 15. O-O Ne6 16. a4 Rc8 17. Qd2 Bd6 18.
Rfd1 Qe7 19. Bxd6 Qxd6 20. a5 Rfd8 21. axb6 axb6 22. Qb2 Ra8 23. h3 h6 24. Rc2 Ra7 25. dxc5 bxc5 26. Rcd2 Qb6 27. Ne5 Ba8 28. Bf3 d4 29. Nc4 Qb5 30. Bg4 Qc6 31. Bf3 Qe8 32. Bxa8 Raxa8 33. Qb1 Qb5 34. Qc2 Ra6 35. Rd3 Rda8 36. Qe2 Ra1 37. Rxa1 Rxa1+ 38. Rd1 Ra7 39. Rd3 Ra1+ 40. Rd1 Ra7 41. Rd3 Qb8 42. Qc2 Qa8 43. Rd1 Ra2 44. Qf5 Qb7 45. Qb1 Ra6 46. Qd3 Ra2 47. Qb1 Ra8 48. Qc2 Rb8 49. Rd3 Qe4 50. Qd1 h5 51. Nb2 Qg6 52. Nc4 Ra8 53.
Ne5 Qe4 54. Nf3 Ra2 55. Rd2 Rxd2 56. Nxd2 Qd3 57. Qe1 Qc3 58. Nf3 Qb2 59. exd4 cxd4 60. Qd2 Qb1+ 61. Kh2 d3 62. Ne5 Qxb3 63. Nxd3 Qd5 64. Qe3 Qd6+ 1/2-1/2

[Event "23rd ETCC Women 2021"]
[Site "Catez"]
[Date "2021.11.20"]
[Round "8.20"]
[White "Sandu, Mihaela"]
[Black "Navrotescu, Andreea"]
[Result "1-0"]
[ECO "B40"]
[WhiteElo "2244"]
[BlackElo "2210"]
[Annotator "NA"]
[PlyCount "81"]
[EventDate "2021.11.08"]
[EventType "team-tourn"]
[EventCountry "SLO"]
[SourceTitle "playchess.com"]
[Source "ChessBase"]
[SourceQuality "1"]
[WhiteTeam "Romania"]
[BlackTeam "France"]
[WhiteTeamCountry "ROU"]
[BlackTeamCountry "FRA"]
[TimeControl "40/5400+30:1800+30"]

1. e4 e6 2. d3 d5 3. Nd2 Nf6 4. Ngf3 c5 5. Be2 Nc6 6. c3 Be7 7. O-O O-O 8. Re1 Qc7 9. Qc2 b6 10. Nf1 Bb7 11. Ng3 Rfd8 12. Bf1 Rac8 13. Bg5 h6 14. Bd2 b5 15. Qc1 dxe4 16. Nxe4 Ne5 17. Nxe5 Qxe5 18. Bf4 Qf5 19. Ng3 Qg6 20. a4 b4 21. cxb4 cxb4 22. Qd2 Nd5 23. Be5 a5 24. Rac1 f6 25. Bd4 e5 26. Ba7 Nf4 27. Rxc8 Rxc8 28. Rc1 Qe8 29. d4 Qxa4 30. dxe5 fxe5 31. Nf5 Bf8 32. g3 Ng6 33. Rxc8 Bxc8 34. Bc4+ Kh7 35. Qd5 Qa1+ 36. Kg2 Nh8 37. Qg8+ Kg6 38. Nh4+ Kh5 39. Be2+ Bg4 40. Bxg4+ Kxg4 41. Qxf8 1-0

[Event "23rd ETCC Women 2021"]
[Site "Catez"]
[Date "2021.11.20"]
[Round "8.21"]
[White "Zaksaite, Salomeja"]
[Black "Danielian, Elina"]
[Result "0-1"]
[ECO "B06"]
[WhiteElo "2250"]
[BlackElo "2450"]
[Annotator "ChessBase"]
[PlyCount "120"]
[EventDate "2021.11.08"]
[EventType "team-tourn"]
[EventCountry "SLO"]
[SourceTitle "playchess.com"]
[Source "ChessBase"]
[SourceQuality "1"]
[WhiteTeam "Lithuania"]
[BlackTeam "Armenia"]
[WhiteTeamCountry "LTU"]
[BlackTeamCountry "ARM"]
[TimeControl "40/5400+30:1800+30"]

1. e4 d6 2. d4 g6 3. Be3 Bg7 4. Nc3 a6 5. Qd2 Nd7 6. Nf3 b5 7. a4 b4 8. Nd5 a5 9. c3 e6 10. Nf4 bxc3 11. Qxc3 Bb7 12. Qc2 Ne7 13. Bd3 O-O 14. O-O Nc6 15.
Rfc1 Nb4 16. Qxc7 Nxd3 17. Nxd3 Bxe4 18. Nfe1 Nb6 19. b4 Qxc7 20. Rxc7 axb4 21. Nxb4 Nxa4 22. f3 Nb6 23. Rxa8 Bxa8 24. Nec2 h6 25. Bf4 Rd8 26. Nc6 Bxc6 27. Rxc6 Nc8 28. h4 d5 29. g4 Na7 30. Rc5 Bf8 31. Rc7 Nb5 32. Rc6 Bg7 33. Be3 h5 34. Kf2 Bf6 35.
Kg3 hxg4 36. Kxg4 Nd6 37. Bg5 Kg7 38. Ne3 Nb5 39. Nc2 Ra8 40.
Bxf6+ Kxf6 41. Kf4 Ra4 42. Ke3 Rc4 43. Rxc4 dxc4 44. Ke4 Nd6+ 45. Kf4 Nf5 46. Kg4 Ke7 47. h5 gxh5+ 48. Kxh5 Kd6 49. Kg5 Kd5 50. Kf6 c3 51. Kxf7 Nxd4 52. Ne3+ Ke5 53. Nd1 c2 54. Nb2 Nxf3 55. Nd3+ Kd4 56. Nc1 e5 57. Kf6 e4 58. Kf5 Ne1 59. Nb3+ Ke3 60.
Nc1 Nd3 0-1